 Dungeon Crawl Stone Soup version 0.15-a0-1950-gbc841a2 (webtiles) character file.

100 BluebellGnoll the Magician (level 4, -3/24 HPs)
             Began as a Deep Elf Fire Elementalist on July 9, 2014.
             Slain by a goliath beetle (21 damage)
             ... on Level 3 of the Dungeon.
             The game lasted 00:11:50 (2028 turns).

BluebellGnoll the Magician (DEFE)                   Turns: 2028, Time: 00:11:50

HP  -3/24        AC  3     Str  5      XL: 4   Next: 46%
MP   0/17        EV 13     Int 21      God:
Gold 117         SH  0     Dex 15      Spells:  5 memorised,  1 level left

rFire  . . .     SeeInvis .     h - +0 dagger
rCold  . . .     Clarity  .     a - +0 robe
rNeg   . . .     rCorr    .     (no shield)
rPois  .         rRot     .     (no helmet)
rElec  .         Spirit   .     i - +0 cloak
SustAb .         Warding  .     (no gloves)
rMut   .         Stasis   .     (no boots)
Gourm  .                        (no amulet)
MR     .....                    (no ring)
                                (no ring)

@: not resistant to hostile enchantments, unstealthy
A: no striking features
a: no special abilities


You were on level 3 of the Dungeon.
You were hungry.

You visited 1 branch of the dungeon, and saw 3 of its levels.

You collected 117 gold pieces.

Inventory:

Hand weapons
 h - a +0 dagger (weapon)
 j - a cursed -1 sling
Missiles
 e - 13 poisoned needles
 q - 8 needles of paralysis
Armour
 a - a +0 robe (worn)
 i - a +0 cloak (worn)
Magical devices
 u - a wand of digging (11)
Comestibles
 c - 2 bread rations
 o - a chunk of adder flesh
 r - a meat ration
 v - a rotting chunk of quokka flesh
Scrolls
 d - a scroll of amnesia {unknown}
 n - a scroll of enchant weapon {unknown}
 p - 2 scrolls of remove curse {unknown}
Potions
 f - a potion of experience {unknown}
 g - a potion of curing {unknown}
 k - a potion of confusion {unknown}
 m - a potion of might {unknown}
 s - a potion of mutation {unknown}
Books
 b - a book of Flames

   Spells                             Type                      Level
   *Flame Tongue                      Conjuration/Fire             1
   *Throw Flame                       Conjuration/Fire             2
   *Conjure Flame                     Conjuration/Fire             3
   *Inner Flame                       Hexes/Fire                   3
   *Sticky Flame                      Conjuration/Fire             4
   Fireball                           Conjuration/Fire             5


   Skills:
 - Level 2.4 Dodging
 - Level 2.4 Stealth
 - Level 5.5 Spellcasting
 + Level 2.8 Conjurations
 - Level 3.2 Fire Magic


You had one spell level left.
You knew the following spells:

 Your Spells              Type           Power        Failure   Level  Hunger
a - Flame Tongue          Conj/Fire      ###..        3%          1    None
b - Throw Flame           Conj/Fire      ###...       6%          2    None
c - Conjure Flame         Conj/Fire      ###.....     12%         3    ##.....
d - Inner Flame           Hex/Fire       ##......     17%         3    ##.....
e - Sticky Flame          Conj/Fire      ###.....     34%         4    ####...


Dungeon Overview and Level Annotations

Branches:
Dungeon (3/15)

Altars:
Okawaru


Message History

Throwing (i - inventory):
l - a tomahawk (quivered)
Press: ? - help, Shift-Dir - straight line, f/p - goliath beetle
Aim: a goliath beetle (severely wounded)
You throw a tomahawk.
The tomahawk hits the goliath beetle but does no damage.
The goliath beetle is severely wounded.
Casting: Flame Tongue
Confirm with . or Enter, or press ? or * to list all spells.
Aiming: Flame Tongue
Press: ? - help, Shift-Dir - straight line, f/p - goliath beetle
Aim: a goliath beetle (severely wounded)
The flame tongue hits the goliath beetle.
The goliath beetle is almost dead.
You hit the goliath beetle but do no damage.
The goliath beetle is almost dead.
You hit the goliath beetle but do no damage.
The goliath beetle is almost dead.
The goliath beetle bites you!!
Ouch! That really hurt!
You die...

.. .. .. .# ### #.
....### .##
###....#######.##
..........B@.....#
#######.#######.#
#%# #.#
#.#######.#[
#.(.((##..#.#
#####.#..##.#
#....## .# #.<.##
.# #.#..###.###


You could see a goliath beetle.

Vanquished Creatures
  Jessica (D:2)
  4 adders
  A worm (D:2)
  2 giant geckos (D:1)
  6 goblins
  4 hobgoblins
  A quokka (D:2)
  9 bats
  2 giant newts
  5 kobolds (D:1)
  8 rats
43 creatures vanquished.

Notes
Turn   | Place    | Note
--------------------------------------------------------------
     0 | D:1      | BluebellGnoll, the Deep Elf Fire Elementalist, began the quest for the Orb.
     0 | D:1      | Reached XP level 1. HP: 10/10 MP: 5/5
   254 | D:1      | Reached XP level 2. HP: 15/15 MP: 4/8
   259 | D:1      | Learned a level 2 spell: Throw Flame
   308 | D:1      | Reached skill level 4 in Spellcasting
   829 | D:2      | Reached skill level 5 in Spellcasting
   829 | D:2      | Reached XP level 3. HP: 16/19 MP: 7/14
   834 | D:2      | Learned a level 3 spell: Conjure Flame
   838 | D:2      | Learned a level 3 spell: Inner Flame
  1489 | D:2      | Reached XP level 4. HP: 21/24 MP: 17/17
  1495 | D:2      | Learned a level 4 spell: Sticky Flame
  1593 | D:2      | Noticed Jessica
  1595 | D:2      | Killed Jessica
  1775 | D:2      | Found an iron altar of Okawaru.
  2028 | D:3      | Slain by a goliath beetle

Action                   |  1- 3 |  4- 6 || total
-------------------------+-------+-------++-------
Melee: Whip              |    21 |       ||    21
       Dagger            |    58 |    24 ||    82
Throw: Tomahawk          |       |     8 ||     8
 Cast: Flame Tongue      |    39 |    25 ||    64
       Throw Flame       |     3 |     7 ||    10
       Sticky Flame      |       |     1 ||     1
Evoke: Wand              |       |     1 ||     1
 Stab: Sleeping          |     3 |     1 ||     4
  Eat: Chunk             |     2 |     1 ||     3
